 Dungeon Crawl Stone Soup version 0.22.1-2-g9c5b331 (webtiles) character file.

152 Gearfox the Chopper (level 5, -1/45 HPs)
             Began as a Draconian Fighter on Nov 27, 2018.
             Slain by an orc (2 damage)
             ... on level 3 of the Dungeon.
             The game lasted 00:10:55 (2571 turns).

Gearfox the Chopper (Draconian Fighter)             Turns: 2571, Time: 00:10:56

Health: -1/45      AC:  5    Str: 19    XL:     5   Next: 11%
Magic:  5/5        EV: 10    Int:  8    God:
Gold:   157        SH: 10    Dex: 11    Spells: 4/4 levels left

rFire    . . .     SeeInvis .   a - +0 war axe
rCold    . . .     Gourm    .   b - +1 shield
rNeg     . . .     Faith    .   (armour unavailable)
rPois    .         Spirit   .   (helmet restricted)
rElec    .         Reflect  .   (no cloak)
rCorr    .         Harm     .   (no gloves)
MR       .....                  (no boots)
Stlth    +.........             (no amulet)
HPRegen  0.15/turn              (no ring)
MPRegen  0.09/turn              (no ring)

@: no status effects
A: unfitting armour, cold-blooded, AC +5
a: no special abilities


You were on level 3 of the Dungeon.
You were hungry.

You visited 1 branch of the dungeon, and saw 3 of its levels.

You collected 157 gold pieces.

Inventory:

Hand Weapons
 a - a +0 war axe (weapon)
Armour
 b - a +1 shield (worn)
Jewellery
 e - an uncursed amulet of magic regeneration
 j - an uncursed ring of protection from magic {unknown}
 k - an uncursed ring of stealth {unknown}
Potions
 g - a potion of lignification {unknown}
 h - a potion of haste {unknown}
 i - a potion of degeneration {unknown}
Comestibles
 c - a chunk of flesh
 d - 5 rations


   Skills:
 - Level 3.2 Fighting
 * Level 5.3 Axes
 - Level 2.6 Dodging
 - Level 0.2 Stealth
 - Level 3.0 Shields


You had 4 spell levels left.
You didn't know any spells.
Your spell library was empty.

Dungeon Overview and Level Annotations

Branches:
Dungeon (3/15)

Altars:
Cheibriados
Dithmenos

Annotations:
D:3 1 runed door, Lilu's ghost, amateur MiFi


Innate Abilities, Weirdness & Mutations

Your plain brown scales are hard. (AC +5)
You cannot fit into any form of body armour.
You are cold-blooded and may be slowed by cold attacks.


Message History

You block the orc priest's attack.
Your shield prevents you from hitting the orc priest.
You tail-slap the orc priest.
The orc priest is severely wounded.
The orc priest hits you with a club.
* * * LOW HITPOINT WARNING * * *
You barely miss the orc priest.
The orc priest is severely wounded.
The orc priest completely misses you.
You barely miss the orc priest. You tail-slap the orc priest.
The orc priest is almost dead.
The orc priest hits you with a club.
* * * LOW HITPOINT WARNING * * *
The orc priest barely misses you.
You hit the orc priest.
You kill the orc priest!
You have reached level 5!
You block the orc's attack.
You closely miss the orc. The orc hits you.
You die...

..#..#..#..#........#
........(...........# .
#.......)+.###......###
###. #.###....###
#......... ... #.<....#
#.##+..... .. ##.....#
#.....###. ### +.....#
#.#..##⌠## ..
#####.....###...##...##
#
..........@o...##.....#
#
#####.###.###..#W.%♣!.⌠
# #. #.# #..##.....# #
#. #.# #...##...## # #.
#.# #...(##.##. # #.#
#.....#+#. # #.#
#oo.......# # #.#
#g#..###### # #.#..# #


You could see Lilu's ghost and an orc.

Vanquished Creatures
  An orc priest (D:3)
  Jessica (D:2)
  2 adders
  2 oozes (D:1)
  A worm (D:3)
  A dart slug (D:2)
  A leopard gecko (D:1)
  3 orcs (D:3)
  5 giant cockroaches
  5 goblins
  3 hobgoblins (D:2)
  4 jackals
  11 kobolds
  A quokka (D:2)
  9 bats
  6 frilled lizards
  6 rats
62 creatures vanquished.

Notes
Turn   | Place    | Note
-------+----------+-------------------------------------------
     0 | D:1      | Gearfox the Draconian Fighter began the quest for the Orb.
     0 | D:1      | Reached XP level 1. HP: 19/19 MP: 1/1
   108 | D:1      | Reached XP level 2. HP: 16/26 MP: 2/2
   241 | D:1      | Reached skill level 3 in Axes
   451 | D:1      | Reached XP level 3. HP: 30/31 MP: 3/3
  1049 | D:2      | Reached skill level 4 in Axes
  1323 | D:2      | Noticed Jessica
  1329 | D:2      | Killed Jessica
  1329 | D:2      | Reached XP level 4. HP: 38/38 MP: 4/4
  1459 | D:2      | Found a shadowy altar of Dithmenos.
  2102 | D:3      | Found a snail-covered altar of Cheibriados.
  2459 | D:3      | Reached skill level 5 in Axes
  2475 | D:3      | Noticed Lilu's ghost (amateur MiFi)
  2525 | D:3      | Found a runed door.
  2569 | D:3      | HP: 1/38 [orc priest/club (2)]
  2570 | D:3      | Reached XP level 5. HP: 1/45 MP: 5/5
  2571 | D:3      | Slain by an orc

Skill      XL: |  1  2  3  4 |
---------------+-------------+-----
Axes           | 3 4 5 |  5.3
Fighting       | |  3.2
Dodging        | |  2.6
Stealth        | |  0.2
Shields        | |  3.0

Action                   |  1- 3 |  4- 6 || total
-------------------------+-------+-------++-------
Melee: War axe           |   117 |    71 ||   188
       Tailslap          |    13 |     6 ||    19
  Use: Scroll            |     4 |     3 ||     7
       Potion            |     1 |       ||     1
  Eat: Chunk             |     2 |     3 ||     5
Armor: Skin              |    67 |    28 ||    95
Dodge: Dodged            |    61 |    34 ||    95
Block: Shield            |    79 |    54 ||   133
